 Dungeon Crawl Stone Soup version 0.31-a0-145-g046c7d2549 (webtiles) character file.

Game seed: 2805634069976884979

166 Galileo100 the Cudgeller (level 5, -10/40 HPs)
             Began as a Hill Orc Reaver on June 5, 2023.
             Was a Follower of Uskayaw.
             Mangled by an iguana (11 damage)
             ... on level 4 of the Dungeon.
             The game lasted 00:07:53 (2263 turns).

Galileo100 the Cudgeller (Hill Orc Reaver)          Turns: 2263, Time: 00:07:53

Health: -10/40     AC:  6    Str: 17    XL:     5   Next: 47%
Magic:  7/7        EV: 10    Int: 13    God:    Uskayaw [*.....]
Gold:   169        SH:  0    Dex:  7    Spells: 6/7 levels left

rFire   . . .        t - +1 great mace (heavy)
rCold   . . .        (shield currently unavailable)
rNeg    . . .        e - +0 ring mail
rPois   .            f - +1 hat
rElec   +            (no cloak)
rCorr   .            (no gloves)
SInv    .            (no boots)
Will    .....        l - amulet of regeneration Stlth
                     g - ring of wizardry
HPRegen 1.06/turn    (no ring)
MPRegen 0.10/turn

%: wizardry (x1)
@: no status effects
A: antennae 1, clumsy 1, frail 1, electricity resistance
a: Renounce Religion, Stomp


You were on level 4 of the Dungeon.
You worshipped Uskayaw.
Uskayaw was noncommittal.
You visited 1 branch of the dungeon, and saw 4 of its levels.

You collected 169 gold pieces.

Inventory:

Hand Weapons
 a - a +0 mace
 t - a +1 heavy great mace (weapon)
Armour
 b - a +0 leather armour
 e - a +0 ring mail (worn)
 f - a +1 hat (worn)
Jewellery
 g - a ring of wizardry (left hand)
 l - an amulet of regeneration (around neck)
 n - a +6 ring of strength
Wands
 o - a wand of iceblast (6)
Scrolls
 d - 2 scrolls of identify {unknown}
 j - a scroll of noise {unknown}
 q - a scroll of acquirement {unknown}
 r - a scroll of brand weapon {unknown}
 s - a scroll of enchant armour {unknown}
Potions
 h - 2 potions of brilliance {unknown}
 i - a potion of mutation
 k - a potion of berserk rage {unknown}
 m - 4 potions of lignification {unknown}
 p - a potion of degeneration {unknown}
 u - a potion of attraction {unknown}


   Skills:
 + Level 3.1 Fighting
 + Level 4.7 Maces & Flails
 + Level 2.9 Armour
 + Level 2.0 Dodging
 + Level 0.1 Stealth
 + Level 1.6 Spellcasting
 + Level 3.3 Conjurations


You had 6 spell levels left.
You knew the following spells:

 Your Spells              Type           Power      Damage    Failure   Level
a - Kiss of Death         Conj/Necr      20%        2d7       10%         1

Your spell library contained the following spells:

 Spells                   Type           Power      Damage    Failure   Level
 Momentum Strike          Conj/Tloc      10%        3d8       16%         2
 Beastly Appendage        Tmut           2%         N/A       19%         1
 Wereblood                Tmut           1%         N/A       28%         2
 Hailstorm                Conj/Ice       5%         3d4       28%         3
 Spider Form              Tmut/Pois      1%         N/A       47%         3
 Olgreb's Toxic Radiance  Pois           1%         N/A       86%         4
 Discord                  Hex            0%         N/A       100%        8
 Ignition                 Fire           0%         3d3       100%        8


Dungeon Overview and Level Annotations

Branches:
Dungeon (4/15)
 Temple: D:4-7

Altars:
Uskayaw
Wu Jian

Shops:
D:1 (   D:2 (


Innate Abilities, Weirdness & Mutations

You have a pair of small antennae on your head.
You are clumsy. (Dex -2)
You are frail. (-10% HP)
You are resistant to electric shocks. (rElec)


Message History

The orc priest hits you but does no damage.
The orc priest shouts, "Beogh is our master!
Accept the truth or die!"
The orc priest hits you but does no damage.
You barely miss the orc priest.
The orc priest hits you but does no damage.
The orc priest looks satisfied for a moment.
You hammer the orc priest like a gong!!!
You kill the orc priest!
Uskayaw will force your foes to helplessly watch your dance.
You now have 169 gold pieces (gained 12).
Items here: ))))) [[ †††††.
Items here: ))))) [[ †††††.
An orc comes into view. It is wielding a +0 hand axe.
The orc shouts!
An orc is nearby!
You thump the orc!
You kill the orc!
You see here a +0 hand axe.
Found 4 poisoned darts.
An adder comes into view.
The adder hisses angrily.
An ogre and an iguana come into view.
The ogre shouts!
The iguana hisses angrily.
You hear a shout!
The adder closely misses you.
You barely miss the adder. The adder bites you but does no damage.
The adder closely misses you. The adder bites you but does no damage.
You barely miss the adder. The adder barely misses you.
The adder closely misses you. The ogre closely misses you.
The iguana barely misses you. The adder bites you but does no damage.
You barely miss the adder. The adder bites you but does no damage.
The iguana barely misses you.
The ogre hits you with a +0 giant club!!
Ouch! That really hurt!
The adder barely misses you. The iguana closely misses you.
You bludgeon the adder!!
You kill the adder!
The ogre hits you with a +0 giant club!
* * * LOW HITPOINT WARNING * * *
The iguana bites you!
You die...

....... ....... .......
..... ###### ....######
#..... #..(....# ##+##.###.
###.l†O...# #.......'.
#....@....# #...#...#.
#.........###...##.##.
#......#####........#.
#......# #.######.##
#......#####'#### #.#
#...............###.##
#.....................
######...................#.
#........................#.


You could see an ogre and an iguana.

Vanquished Creatures
  An orc priest (D:4)
  An orc wizard (D:4)
  4 adders
  A worm (D:3)
  2 dart slugs (D:1)
  10 orcs
  5 ball pythons
  5 endoplasms
  2 giant cockroaches
  6 goblins
  6 hobgoblins
  4 jackals (D:2)
  4 kobolds
  6 quokkas
  A bat (D:3)
  2 frilled lizards (D:1)
  6 rats
66 creatures vanquished.

Notes
Turn   | Place    | Note
-------+----------+-------------------------------------------
     0 | D:1      | Galileo100 the Hill Orc Reaver began the quest for the Orb.
     0 | D:1      | Reached XP level 1. HP: 18/18 MP: 3/3
    25 | D:1      | Found Ocadoumo's Weapon Shop.
   103 | D:1      | Reached XP level 2. HP: 4/19 MP: 1/4
   521 | D:2      | Reached XP level 3. HP: 10/19 MP: 3/5
   728 | D:2      | Found Cucraj's Antique Weapon Shoppe.
   873 | D:2      | Reached skill level 1 in Armour
  1278 | D:3      | Reached skill level 4 in Maces & Flails
  1295 | D:3      | Found a hide-covered altar of Uskayaw.
  1307 | D:3      | Became a worshipper of Uskayaw the Reveller
  1405 | D:3      | Found an ornate altar of the Wu Jian Council.
  1470 | D:3      | Reached * piety under Uskayaw
  1479 | D:3      | Reached XP level 4. HP: 17/30 MP: 6/6
  1527 | D:3      | Reached ** piety under Uskayaw
  1529 | D:3      | Reached *** piety under Uskayaw
  1535 | D:3      | Reached **** piety under Uskayaw
  2200 | D:4      | Gained mutation: You have a pair of small antennae on your
                  | head. [potion of mutation]
  2200 | D:4      | Gained mutation: You are clumsy. (Dex -2) [potion of
                  | mutation]
  2200 | D:4      | Gained mutation: You are frail. (-10% HP) [potion of
                  | mutation]
  2200 | D:4      | Gained mutation: You are resistant to electric shocks.
                  | (rElec) [potion of mutation]
  2207 | D:4      | Reached XP level 5. HP: 33/40 MP: 7/7
  2258 | D:4      | Noticed an ogre
  2263 | D:4      | HP: 1/40 [ogre/+0 giant club (16)]
  2263 | D:4      | Mangled by an iguana

Illustrated notes

Levels and vault maps discovered:
D:1:      lemuel_arrival_muddy, layout_basic, serial_shops,
          nicolae_shop_bloodbath_and_beyond
D:2:      layout_rooms, serial_shops, nicolae_shop_pleasant_corner_grove,
          interstate_on_off, chequers_mini_garden, chequers_arboretum
D:3:      layout_loops_ring, nicolae_uskayaw_suspiria,
          nzn_wu_jian_contemplation, minmay_diced_spiral
D:4:      layout_basic

Skill      XL: |  1  2  3  4  5 |
---------------+----------------+-----
Armour         | 1 2 |  2.9
Maces & Flails | 4 |  4.7
Fighting       | 3 |  3.1
Dodging        | 2 |  2.0
Stealth        | |  0.1
Spellcasting   | |  1.6
Conjurations   | |  3.3

Action                     |  1- 3 |  4- 6 || total
---------------------------+-------+-------++-------
  Melee: Mace              |   135 |    55 ||   190
         Punch             |     2 |     2 ||     4
         Great mace        |       |    44 ||    44
   Cast: Kiss of Death     |     4 |       ||     4
    Use: Potion            |       |     3 ||     3
   Stab: Paralysed         |       |     2 ||     2
 Armour: Leather armour    |    10 |       ||    10
         Ring mail         |    64 |    81 ||   145
  Dodge: Dodged            |   101 |   103 ||   204

Table legend: (Time is in decaauts)
 A = Elapsed time spent in this place.
 B = Non-inter-level travel time spent in this place.
 C = Inter-level travel time spent in this place.
 D = Time resting spent in this place.
 E = Time spent auto-exploring this place.
 F = Levels seen in this place.
 G = Mean time per level.
                   A        B        C        D        E       F      G
               +--------+--------+--------+--------+--------+-----+--------+
         Total |   2355 |   2236 |    119 |      0 |   1607 |   4 |  588.8 |
       Dungeon |   2355 |   2236 |    119 |      0 |   1607 |   4 |  588.8 |
               +--------+--------+--------+--------+--------+-----+--------+

Top non-repeatable levels by time:
     D:3: 825 daAuts
     D:2: 659 daAuts
     D:1: 500 daAuts
     D:4: 370 daAuts
